 Dungeon Crawl Stone Soup version 0.24.0-1-gfbc8707 (webtiles) character file.

Game seed: 12929777523488686898, levelgen mode: deterministic

487296 MacrostheBlack the Imperceptible (level 23, -9/183 HPs)
             Began as a Vampire Assassin on Nov 9, 2019.
             Was a High Priest of Trog.
             Killed from afar by a fire giant (30 damage)
             ... with a bolt of fire
             ... on level 5 of the Depths on Nov 10, 2019.
             The game lasted 04:07:58 (44921 turns).

MacrostheBlack the Imperceptible (VpAs)            Turns: 44921, Time: 04:07:59

Health: -9/183     AC: 21    Str: 10    XL:     23   Next: 81%
Magic:  28/30      EV: 37    Int: 19    God:    Trog [*****.]
Gold:   3440       SH: 14    Dex: 26    Spells: 22/22 levels left

rFire    + . .     SeeInvis +   K - +9 rapier (elec)
rCold    + . .     Gourm    .   M - +3 buckler {AC+3}
rNeg     + . .     Faith    .   Z - +2 troll leather armour of Benevolence {+Inv rC+ rN+ Regen+ Dex+3}
rPois    +         Spirit   .   T - +2 hat
rElec    +         Reflect  +   Y - +2 cloak of the Thief {+Fog Slay-2 SInv Stlth+}
rCorr    .         Harm     .   u - +1 pair of gloves
MR       ++++.     Clarity  +   N - +1 pair of boots of Comait {rPois} Stlth +++++.....Rnd*Tele +
                                B - +5 amulet of reflection
HPRegen  2.00/turn              F - ring "Ikhlasik" {rElec rF+ Int+3 SInv Stlth+}
MPRegen  0.22/turn              D - +3 ring of evasion

@: berserk cooldown, contaminated, regenerating, slowed, glowing, studying
Armour, very slow
A: no food, fangs 3, see invisible, clarity, clever 1, clumsy 1, frail 1,
teleportitis 2, unbreathing, no potion heal 1
}: 2/15 runes: decaying, gossamer
a: Exsanguinate, Berserk, Trog's Hand, Brothers in Arms, Renounce Religion,
Evoke Fog, Evoke Invisibility


You were on level 5 of the Depths.
You worshipped Trog.
Trog was extremely pleased with you.
You were alive.

You visited 8 branches of the dungeon, and saw 41 of its levels.
You also visited: Ossuary, Gauntlet and Ice Cave.

You collected 5404 gold pieces.
You spent 1964 gold pieces at shops.

Inventory:

Hand Weapons
 t - a +2 antimagic rapier
 K - a +9 rapier of electrocution (weapon)
 P - the +10 hunting sling of Context {velocity, MR+}
   (You found it on level 1 of the Depths)

   Any stone fired from it inflicts extra damage.
   It affects your resistance to hostile enchantments.
 X - the +3 fustibalus "Ryha Bul" {freeze, *Corrode rF+++ Str+2}
   (You found it on level 3 of the Vaults)

   It causes projectiles fired from it to freeze those they strike, causing
   extra injury to most foes and up to half again as much damage against
   particularly susceptible opponents.
   They can also slow down cold-blooded creatures.
   It affects your strength (+2).
   It renders you almost immune to fire.
   It may corrode you when you take damage.
Missiles
 d - 75 poisoned darts (quivered)
 j - 361 sling bullets
 W - 6 curare-tipped darts
Armour
 u - a +1 pair of gloves (worn)
 M - a +3 buckler of protection (worn)
 N - the +1 pair of boots of Comait (worn) {rPois}
   (You found it on level 1 of the Depths)

   It protects you from poison.
 T - a +2 hat (worn)
 Y - the +2 cloak of the Thief (worn) {+Fog Slay-2 SInv Stlth+}
   (You found it in a Gauntlet)

   It affects your accuracy and damage with ranged weapons and melee attacks
   (-2).
   It lets you see invisible.
   It makes you more stealthy.
 Z - the +2 troll leather armour of Benevolence (worn) {+Inv rC+ rN+ Regen+ Dex+3}
   (You found it in a Gauntlet)

   It affects your dexterity (+3).
   It protects you from cold.
   It protects you from negative energy.
   It lets you turn invisible.
   It increases your rate of regeneration.
Jewellery
 B - a +5 amulet of reflection (around neck)
 D - a +3 ring of evasion (right hand)
 F - the ring "Ikhlasik" (left hand) {rElec rF+ Int+3 SInv Stlth+}
   (You took it off a tengu reaver on level 2 of the Depths)

   [ring of stealth]

   It affects your intelligence (+3).
   It protects you from fire.
   It insulates you from electricity.
   It lets you see invisible.
   It makes you more stealthy.
 U - an uncursed amulet of the acrobat
Wands
 a - a wand of paralysis (6)
 e - a wand of flame (18)
 m - a wand of random effects (25)
 A - a wand of iceblast (51)
 E - a wand of disintegration (37)
 S - a wand of digging (12)
 V - a wand of acid (39)
Scrolls
 f - 3 scrolls of magic mapping
 h - 21 scrolls of teleportation
 k - 20 scrolls of remove curse
 n - 5 scrolls of fog
 o - 14 scrolls of identify
 s - 3 scrolls of summoning
 w - 7 scrolls of blinking
 x - 3 scrolls of fear
 y - 6 scrolls of immolation
 G - 9 scrolls of enchant weapon
 L - 6 scrolls of enchant armour
Potions
 b - 3 potions of berserk rage
 c - 4 potions of cancellation
 g - 3 potions of agility
 p - 3 potions of brilliance
 q - 18 potions of curing
 r - 9 potions of mutation
 v - 3 potions of magic
 z - 6 potions of haste
 C - 3 potions of ambrosia
 H - 6 potions of might
 I - 3 potions of resistance
 Q - 2 potions of invisibility
Books
 O - a manual of Armour
Miscellaneous
 J - a phial of floods
 R - 2 boxes of beasts


   Skills:
 * Level 22.3 Fighting
 - Level 14.0 Short Blades
 - Level 1.5 Throwing
 - Level 10.0 Armour
 * Level 22.9 Dodging
 + Level 25.6 Stealth
 - Level 4.0 Shields
 - Level 10.0 Evocations


You had 22 spell levels left.
You didn't know any spells.
Your spell library was empty.

Dungeon Overview and Level Annotations

Branches:
Dungeon (15/15)            Temple (1/1) D:5            Lair (6/6) D:8
  Swamp (4/4) Lair:4       Spider (4/4) Lair:4        Slime (0/5) Lair:6
    Orc (2/2) D:9             Elf (0/3) Orc:2        Vaults (4/5) D:13
  Crypt (0/3) Vaults:2     Depths (5/5) D:15            Zot (0/5) Depths:5
Ossuary (visited)           IceCv (visited)         Gauntlet (visited)

Altars:
Ashenzari
Cheibriados
Dithmenos
Elyvilon
Fedhas
Gozag
Hepliaklqana
Kikubaaqudgha
Makhleb
Nemelex Xobeh
Okawaru
Qazlal
Ru
Sif Muna
Trog
Uskayaw
Vehumet
Wu Jian
Xom
Yredelemnul
Zin
The Shining One
Beogh

Shops:
D:15 }!:   Orc:2 :}*[   Vaults:2 %   Vaults:4 [

Portals:
Hell: Depths:1 Depths:2 Depths:3 Depths:4 Depths:5
Abyss: Depths:1 Depths:4
Pandemonium: Depths:2 Depths:3
Ziggurat: Depths:2

Annotations:
D:3 3 runed translucent doors, yuri's ghost, amateur CeAM


Innate Abilities, Weirdness & Mutations

You do not eat.
Your natural rate of healing is unusually fast.
You have razor-sharp teeth.
You have supernaturally acute eyesight. (SInv)
You can survive without breathing.
You possess an exceptional clarity of mind.
Your mind is acute. (Int +2)
You are clumsy. (Dex -2)
You are frail. (-10% HP)
You are sometimes teleported next to monsters.
Potions are less effective at restoring your health.


Message History

The white very ugly thing pecks you!
* * * LOW HITPOINT WARNING * * *
The white very ugly thing freezes you!! You resist.
* * * LOW HITPOINT WARNING * * *
You hit the white very ugly thing but do no damage.
Lightning courses through the white very ugly thing!
You kill the white very ugly thing!
Trog accepts your kill.
Your body shudders with the violent release of wild energies!
You feel even more weirdly uncertain.
You see here 2 bolts.
With a swish of your cloak, you release a cloud of fog.
The fire giant points at you and mumbles some strange words.
The fireball explodes!
The fireball engulfs you!! You resist.
* * * LOW HITPOINT WARNING * * *
You hear a shout! x2
You hear a grinding noise.
The fire giant gestures at you while chanting.
The bolt of fire hits you!! You resist.
You die...

.# .# ###.#####
......(..
#........
#§§......
#§§......
#@§§.....
.#######§§§∩....
......§§§C§.....
......§.§§......
..........§.....
................
................
........$...$...
................


You could see a fire giant.

Vanquished Creatures
  Mara (Spider:3)
  A juggernaut (Depths:2)
  Boris (Depths:4)
  Bai Suzhen (Spider:4)
  The ghost of Gucom the Timeless, a veteran GnFi of Cheibriados (Depths:5)
  3 caustic shrikes (Depths:5)
  2 golden dragons
  The ghost of Pikuto the Slayer, an adept MiBe of Trog (Depths:5)
  Rupert (Spider:1)
  A tentacled monstrosity (Depths:2)
  An Ice Fiend (Depths:1)
  A titan (Depths:3)
  A lich (Depths:2)
  4 sphinxes
  Gastronok (D:11)
  The ghost of Pueheemm the Brawler, an adept TrMo of Nemelex Xobeh (Depths:1)
  9 tengu reavers
  A revenant (Vaults:2)
  Donald (Spider:1)
  17 fire giants
  2 storm dragons
  10 frost giants
  Louise (Swamp:4)
  2 iron dragons
  A draconian shifter (Depths:5)
  4 ghost moths (Spider:4)
  A deep elf sorcerer (Vaults:4)
  A curse skull (Vaults:2)
  10 vault wardens
  Aizul (Spider:3)
  An orc warlord (Orc:2)
  5 emperor scorpions
  A deep elf elementalist (Depths:3)
  3 spriggan defenders
  9 ironheart preservers
  An entropy weaver (Vaults:2)
  A draconian annihilator (Depths:5)
  22 very ugly things
  2 green draconians (Depths:5)
  24 stone giants
  3 vampire knights
  A black draconian (Depths:5)
  A minotaur (Gauntlet)
  A red draconian (Depths:5)
  14 spark wasps
  2 purple draconians (Depths:5)
  A blizzard demon (Depths:1)
  14 ettins
  11 fire dragons
  22 yaktaur captains
  11 great orbs of eyes
  A jiangshi (Vaults:2)
  A deep elf high priest (Depths:5)
  19 ice dragons
  9 vault guards
  14 hydras
  10 rakshasas
  Harold (D:11)
  3 spriggan air magi
  2 ghost crabs
  An ice dragon (shapeshifter) (Depths:4)
  3 shambling mangroves
  13 centaur warriors
  26 two-headed ogres
  2 tengu warriors
  7 alligators
  5 deep troll shamans
  A death knight (D:15)
  A death yak (Lair:3)
  8 deep troll earth magi
  10 ogre magi
  3 vampire magi
  5 spriggan berserkers (Depths:3)
  5 spriggans
  4 deep elf knights
  7 orc high priests (Orc:2)
  Nergalle (D:10)
  8 hell knights
  A salamander mystic (Depths:1)
  A fire crab (shapeshifter) (D:14)
  6 unseen horrors
  6 glowing orange brains
  2 deep elf archers (Vaults:3)
  3 swamp dragons
  4 phantasmal warriors
  A flayed ghost (Depths:2)
  16 deep trolls
  A swamp dragon (shapeshifter) (Vaults:3)
  12 ironbrand convokers
  13 orc knights
  3 necromancers
  5 wizards
  15 orb spiders
  10 harpies
  33 wolf spiders
  2 manticores
  59 ugly things
  8 deep elf magi
  3 salamanders (Depths:1)
  4 orc sorcerers
  2 moths of wrath
  19 elephants
  6 cyclopes
  12 vault sentinels
  A salamander (shapeshifter) (Depths:2)
  4 black mambas
  A black mamba (shapeshifter) (Vaults:1)
  2 torpor snails
  6 centaur skeletons
  2 ice statues (IceCv)
  6 komodo dragons
  5 gargoyles
  A spiny frog (shapeshifter) (Vaults:4)
  30 spiny frogs
  47 yaktaurs
  2 komodo dragons (shapeshifter)
  4 kobold demonologists
  7 rime drakes
  2 ice devils (Depths:1)
  A rime drake (shapeshifter) (Vaults:2)
  10 freezing wraiths
  A golden dragon simulacrum (Depths:1)
  13 demonic crawlers
  8 trolls
  A harpy zombie (D:14)
  6 tengu conjurers
  15 tyrant leeches
  A wind drake (shapeshifter) (Vaults:3)
  A jumping spider (shapeshifter) (Vaults:1)
  2 polar bears (Lair:4)
  31 jumping spiders
  2 raiju (Gauntlet)
  Prince Ribbit (D:5)
  21 hornets
  12 dream sheep (Lair:6)
  12 hippogriffs
  39 slime creatures
  39 blink frogs
  A hippogriff (shapeshifter) (Depths:4)
  3 large abominations (Depths:1)
  3 stone giant simulacra
  17 bog bodies
  A frost giant simulacrum (Depths:1)
  An iron dragon simulacrum (Depths:1)
  A shadow (Swamp:3)
  A centaur simulacrum (D:15)
  4 wraiths
  A redback (shapeshifter) (Depths:3)
  41 yaks
  71 redbacks
  A hog (shapeshifter) (Depths:3)
  30 tarantellas
  2 humans (shapeshifter)
  A wyvern (D:11)
  4 water elementals (Depths:1)
  A yak (shapeshifter) (D:9)
  2 golden eyes (shapeshifter)
  A steam dragon (shapeshifter) (Depths:3)
  3 swamp worm simulacra (Swamp:4)
  A basilisk (shapeshifter) (Vaults:3)
  20 humans
  30 vampire mosquitoes
  A spriggan simulacrum (Depths:1)
  2 chaos spawn (Depths:1)
  3 hogs (D:10)
  2 hungry ghosts
  7 basilisks
  8 small abominations (Depths:1)
  2 acid dragons
  15 swamp worms
  16 wargs
  3 soldier ants
  10 water moccasins
  14 hydra simulacra (Swamp:4)
  2 floating eyes (Depths:2)
  A meliai simulacrum (D:15)
  7 porcupines
  11 swamp drakes
  An ice dragon simulacrum (Depths:1)
  22 ice beasts
  3 sky beasts
  5 black bears
  47 orc warriors
  2 phantoms
  9 boggarts
  An eye of draining (D:9)
  22 ogres
  21 wolves
  A tengu (shapeshifter) (Depths:3)
  26 crocodiles
  30 centaurs
  7 big kobolds
  30 bullfrogs
  A gnoll sergeant (D:12)
  A wyvern zombie (D:7)
  4 scorpions
  A wyvern skeleton (D:14)
  12 killer bees
  3 wights (D:15)
  4 electric eels
  3 howler monkeys
  3 crimson imps
  A lava snake (Lair:5)
  A human simulacrum (Vaults:1)
  50 orc priests
  3 bullfrog zombies
  5 centaur zombies
  6 hounds
  5 jellies
  22 orc wizards
  13 mummies (Ossuary)
  Jessica (D:3)
  10 iguanas
  9 worker ants
  2 hell rats (Lair:3)
  A lightning spire (Gauntlet)
  4 hound zombies
  2 hound skeletons
  Robin (D:2)
  A howler monkey zombie (Ossuary)
  4 worker ant zombies
  7 gnolls
  A howler monkey skeleton (D:7)
  6 river rats (Lair:3)
  16 adders
  5 shadow imps
  2 white imps (D:15)
  2 ufetubi (D:15)
  3 oozes
  4 swamp drake simulacra (Swamp:4)
  An adder skeleton (D:4)
  2 adder zombies (Ossuary)
  2 worms (D:2)
  A dart slug (shapeshifter) (Vaults:4)
  3 dart slugs
  5 leopard geckos (Lair:3)
  162 orcs
  9 bats
  7 giant cockroaches
  16 goblins
  9 hobgoblins
  17 jackals
  4 quokkas
  3 ball pythons
  9 frilled lizards
  26 kobolds
  A leopard gecko skeleton (D:4)
  2 leopard gecko zombies
  9 rats
2065 creatures vanquished.

Vanquished Creatures (collateral kills)
  A bone dragon (Depths:5)
  A fire dragon (Depths:3)
  A hydra (Swamp:4)
  An orb spider (Spider:3)
  2 slime creatures (Swamp:4)
  A wolf spider (Spider:1)
  A jumping spider (Spider:3)
  A bog body (Swamp:4)
  2 redbacks
  A tarantella (Spider:1)
  2 hydra simulacra (Swamp:4)
  An ogre (Vaults:3)
  2 gnolls (D:2)
  A swamp drake simulacrum (Swamp:4)
  A kobold (D:2)
19 creatures vanquished.

Vanquished Creatures (others)
  A lich (Depths:3)
  A fire giant (Depths:2)
  A stone giant (Depths:3)
  A spark wasp (Depths:4)
  A fire dragon (Depths:2)
  A spriggan air mage (Depths:3)
  A centaur warrior (Depths:4)
  A vampire mage (Depths:2)
  A spriggan berserker (Depths:3)
  A deep troll (Vaults:4)
  4 yaktaurs
  A redback (Spider:2)
  5 centaurs
  6 orcs
  30 fungi
  38 plants
94 creatures vanquished.

Grand Total: 2178 creatures vanquished

Notes
Turn   | Place    | Note
-------+----------+-------------------------------------------
     0 | D:1      | MacrostheBlack the Vampire Assassin began the quest for the
                  | Orb.
     0 | D:1      | Reached XP level 1. HP: 16/16 MP: 1/1
   111 | D:1      | Reached skill level 6 in Stealth
   112 | D:1      | Reached XP level 2. HP: 20/22 MP: 2/2
   490 | D:1      | You fall into a shaft and drop 1 floor!
   524 | D:2      | Reached XP level 3. HP: 3/27 MP: 3/3
   634 | D:2      | Reached XP level 4. HP: 32/33 MP: 4/4
  1558 | D:2      | Reached XP level 5. HP: 38/38 MP: 5/5
  1578 | D:2      | Noticed Robin
  2018 | D:2      | Killed Robin
  2018 | D:2      | Reached skill level 5 in Short Blades
  2595 | D:3      | Reached XP level 6. HP: 44/44 MP: 6/6
  2738 | D:3      | Found a shimmering blue altar of Sif Muna.
  2738 | D:3      | Found an ancient bone altar of Kikubaaqudgha.
  2802 | D:3      | Found a runed translucent gate.
  2802 | D:3      | Found a runed translucent gate.
  2806 | D:3      | Found a roughly hewn altar of Beogh.
  2806 | D:3      | Found a runed translucent gate.
  2815 | D:3      | Noticed yuri's ghost (amateur CeAM)
  2830 | D:3      | Identified the +1 whip "Giapeo" {vamp, +Blink rC+ MP-9
                  | Dex+4}
  2830 | D:3      | Identified the +5 ring mail "Guofocal" {Slay+2 SInv}
  2888 | D:3      | Noticed Jessica
  2895 | D:3      | Killed Jessica
  3214 | D:4      | Found a sand-covered staircase.
  3254 | Ossuary  | Entered an ossuary
  3534 | Ossuary  | Reached XP level 7. HP: 14/50 MP: 7/7
  3833 | Ossuary  | Reached skill level 5 in Dodging
  4792 | D:4      | Reached XP level 8. HP: 38/56 MP: 8/8
  5395 | D:5      | Entered Level 5 of the Dungeon
  5750 | D:5      | Found a staircase to the Ecumenical Temple.
  5775 | Temple   | Entered the Ecumenical Temple
  5880 | Temple   | Became a worshipper of Trog the Wrathful
  5952 | D:5      | Noticed Prince Ribbit
  6015 | D:5      | Killed Prince Ribbit
  6908 | D:6      | Reached skill level 7 in Stealth
  7052 | D:6      | Reached * piety under Trog
  7110 | D:6      | Reached skill level 10 in Short Blades
  7183 | D:6      | Reached XP level 9. HP: 63/63 MP: 9/9
  7672 | D:7      | Reached skill level 8 in Stealth
  8243 | D:8      | Reached ** piety under Trog
  8250 | D:8      | Reached skill level 5 in Fighting
  8257 | D:8      | Reached skill level 9 in Stealth
  8400 | D:8      | Found a staircase to the Lair.
  8463 | D:8      | Reached XP level 10. HP: 76/76 MP: 10/10
  8694 | D:8      | Noticed a two-headed ogre
  8708 | D:8      | Killed a two-headed ogre
  8803 | D:8      | Reached skill level 10 in Stealth
  8948 | D:8      | Found a sparkling altar of Nemelex Xobeh.
  8949 | D:8      | Found an iron altar of Okawaru.
  9325 | D:9      | Reached skill level 10 in Dodging
  9457 | D:9      | You fall into a shaft and drop 3 floors!
  9523 | D:12     | Noticed a cyclops
  9530 | D:12     | Killed a cyclops
  9712 | D:11     | Noticed a brown ugly thing
  9720 | D:11     | Killed a brown ugly thing
  9720 | D:11     | Reached *** piety under Trog
  9945 | D:11     | Reached XP level 11. HP: 67/84 MP: 11/11
  9997 | D:11     | Received a gift from Trog
 10390 | D:11     | Noticed Gastronok
 10445 | D:11     | Killed Gastronok
 10742 | D:11     | Noticed Harold
 10756 | D:11     | Killed Harold
 11063 | D:10     | Entered Level 10 of the Dungeon
 11091 | D:10     | Reached **** piety under Trog
 11126 | D:10     | Found a burning altar of Makhleb.
 11331 | D:10     | Noticed Nergalle
 11357 | D:10     | Killed Nergalle
 11357 | D:10     | Reached skill level 11 in Stealth
 11611 | D:10     | Noticed an unseen horror
 11616 | D:10     | Killed an unseen horror
 11870 | D:10     | Reached XP level 12. HP: 92/92 MP: 12/12
 11874 | D:10     | Reached skill level 1 in Armour
 12167 | D:9      | Found a roughly hewn altar of Beogh.
 12167 | D:9      | Found a staircase to the Orcish Mines.
 12239 | D:9      | Reached ***** piety under Trog
 12675 | Lair:1   | Entered Level 1 of the Lair of Beasts
 12864 | Lair:1   | Reached skill level 12 in Stealth
 13656 | Lair:2   | Received a gift from Trog
 13838 | Lair:2   | You fall into a shaft and drop 2 floors!
 13851 | Lair:4   | Reached skill level 13 in Stealth
 13879 | Lair:4   | Found a gate leading to a gauntlet.
 13889 | Gauntlet | Entered a Gauntlet
 13889 | Gauntlet | Found a transporter.
 13891 | Gauntlet | Found a runed translucent door.
 13892 | Gauntlet | Found a transporter.
 13906 | Gauntlet | Found a runed translucent door.
 13908 | Gauntlet | Found a transporter.
 13912 | Gauntlet | Found a transporter.
 13930 | Gauntlet | Found a transporter.
 13930 | Gauntlet | Noticed a blizzard demon
 13943 | Gauntlet | Found a transporter.
 13956 | Gauntlet | Found a transporter.
 13973 | Gauntlet | Found a transporter.
 13977 | Gauntlet | Found a transporter.
 13979 | Gauntlet | Noticed a death scarab
 13981 | Gauntlet | Noticed a death scarab
 13985 | Gauntlet | Found a transporter.
 14009 | Gauntlet | Found a transporter.
 14009 | Gauntlet | Found a transporter.
 14061 | Gauntlet | Noticed a ghost crab
 14166 | Gauntlet | Got a translucent helmet
 14173 | Gauntlet | Got a colourful robe
 14187 | Gauntlet | Identified the +0 helmet "Wuri" {*Contam Str+4 Int+3
                  | Stlth+} (You found it in a Gauntlet)
 14197 | Gauntlet | Identified the +3 robe "Uqog" {MR+ Regen+ MP-9 Int+3} (You
                  | found it in a Gauntlet)
 14211 | Gauntlet | Killed a ghost crab
 14211 | Gauntlet | Reached skill level 10 in Fighting
 14253 | Gauntlet | Noticed a minotaur
 14254 | Gauntlet | Found the +2 cloak of the Thief {+Fog Slay-2 SInv Stlth+}
 14266 | Gauntlet | Killed a minotaur
 14266 | Gauntlet | Reached XP level 13. HP: 58/103 MP: 4/13
 14273 | Gauntlet | Identified the Disquisition on Ice and Combat Magic
 14281 | Gauntlet | Got a distressingly furry troll leather armour
 14342 | Lair:4   | Identified the +2 troll leather armour of Benevolence {+Inv
                  | rC+ rN+ Regen+ Dex+3} (You found it in a Gauntlet)
 14468 | Lair:4   | Reached skill level 1 in Evocations
 14474 | Lair:4   | Found a hole to the Spider Nest.
 14699 | Lair:4   | Found a staircase to the Swamp.
 14994 | Lair:3   | You fall into a shaft and drop 2 floors!
 15921 | Lair:3   | Received a gift from Trog
 15970 | Lair:3   | Reached skill level 14 in Stealth
 16766 | Lair:3   | Gained mutation: You are frail. (-10% HP) [mutagenic glow]
 17268 | Lair:2   | Reached XP level 14. HP: 102/102 MP: 17/17
 17732 | Lair:6   | Entered Level 6 of the Lair of Beasts
 17732 | Lair:6   | Found a sparkling altar of Nemelex Xobeh.
 17766 | Lair:6   | Reached skill level 15 in Stealth
 17910 | Lair:6   | Reached ****** piety under Trog
 17992 | Lair:6   | Received a gift from Trog
 18060 | Lair:6   | Reached skill level 5 in Evocations
 18598 | Lair:6   | Found a staircase to the Slime Pits.
 18683 | Lair:6   | Received a gift from Trog
 18683 | Lair:6   | Reached skill level 16 in Stealth
 18945 | Lair:6   | Got a pitted bone ring
 18946 | Lair:6   | Identified the ring "Gung" {Dex+6 SInv} (You found it on
                  | level 6 of the Lair of Beasts)
 19444 | Orc:1    | Entered Level 1 of the Orcish Mines
 19753 | Orc:2    | Entered Level 2 of the Orcish Mines
 19753 | Orc:2    | Noticed an orc warlord
 19779 | Orc:2    | Killed an orc warlord
 19779 | Orc:2    | Reached skill level 1 in Shields
 19955 | Orc:2    | Found a staircase to the Elven Halls.
 20060 | Orc:2    | Found Athreissa's Antique Armour Shop.
 20124 | Orc:2    | Found Duoscheyv's Book Emporium.
 20124 | Orc:2    | Found Ofocaeh's Gadget Shop.
 20137 | Orc:2    | Received a gift from Trog
 20163 | Orc:2    | Reached XP level 15. HP: 111/111 MP: 19/19
 20225 | Orc:2    | Gained mutation: You are occasionally teleported next to
                  | monsters. [a neqoxec]
 20391 | Orc:2    | Found a roughly hewn altar of Beogh.
 20735 | Orc:2    | Found Redwas Lemirch's General Store.
 20793 | Orc:2    | Found a roughly hewn altar of Beogh.
 21113 | Orc:2    | Bought a manual of Armour for 1214 gold pieces
 21577 | D:12     | Received a gift from Trog
 21680 | D:12     | Got a jet-studded scale mail
 21681 | D:12     | Identified the +3 scale mail of the Harp {rN+ rCorr} (You
                  | found it on level 12 of the Dungeon)
 22430 | D:13     | Received a gift from Trog
 22461 | D:13     | Found a gate to the Vaults.
 22821 | D:14     | Reached skill level 17 in Stealth
 23346 | D:14     | Received a gift from Trog
 23533 | D:15     | Entered Level 15 of the Dungeon
 23537 | D:15     | Found Bian's Gadget Emporium.
 23634 | D:15     | Found a frozen archway.
 23652 | IceCv    | Entered an ice cave
 23792 | IceCv    | Reached skill level 5 in Armour
 23792 | IceCv    | Reached XP level 16. HP: 93/93 MP: 21/21
 23972 | IceCv    | Reached skill level 15 in Dodging
 24270 | D:15     | Found a staircase to the Depths.
 24440 | D:15     | Found Ceextake's Book Emporium.
 24664 | D:15     | Found Qogehiop's Distillery.
 24667 | D:15     | Bought a potion of experience for 750 gold pieces
 24669 | D:15     | Reached skill level 15 in Fighting
 24669 | D:15     | Reached XP level 17. HP: 127/127 MP: 23/23
 24727 | D:15     | Received a gift from Trog
 24915 | D:15     | Lost mutation: You are frail. (-10% HP) [potion of
                  | mutation]
 24915 | D:15     | Gained mutation: You possess an exceptional clarity of
                  | mind. [potion of mutation]
 24915 | D:15     | Gained mutation: Your mind is acute. (Int +2) [potion of
                  | mutation]
 25201 | Swamp:1  | Entered Level 1 of the Swamp
 25218 | Swamp:1  | Found an ancient bone altar of Kikubaaqudgha.
 25242 | Swamp:1  | Reached skill level 18 in Stealth
 26476 | Swamp:2  | Received a gift from Trog
 26691 | Swamp:2  | Found an opulent altar of Gozag.
 27383 | Swamp:3  | Received a gift from Trog
 27715 | Swamp:4  | Entered Level 4 of the Swamp
 27764 | Swamp:4  | Noticed Louise
 27815 | Swamp:4  | Killed Louise
 27999 | Swamp:4  | Reached XP level 18. HP: 146/151 MP: 24/24
 28102 | Swamp:4  | Identified the +2 ring mail "Panteity" {rElec Str+6} (You
                  | found it on level 4 of the Swamp)
 28676 | Swamp:4  | Got a decaying rune of Zot
 28846 | Spider:1 | Entered Level 1 of the Spider Nest
 28862 | Spider:1 | Received a gift from Trog
 28870 | Spider:1 | Noticed Rupert
 28892 | Spider:1 | Killed Rupert
 29236 | Spider:1 | Got a polished hunting sling {god gift}
 29237 | Spider:1 | Identified the +9 hunting sling of Trog's Favour {freeze,
                  | Dex+3 Stlth+} (Trog gifted it to you on level 1 of the
                  | Spider Nest)
 29479 | Spider:1 | Got a jewelled rapier
 29480 | Spider:1 | Identified the +0 rapier of Kehoc {drain, rC+ Dex-4 SInv}
                  | (You found it on level 1 of the Spider Nest)
 29635 | Spider:2 | Reached skill level 19 in Stealth
 29750 | Spider:2 | Noticed Donald
 29787 | Spider:1 | Killed Donald
 30486 | Spider:3 | Noticed Mara
 30507 | Spider:3 | Killed Mara
 30525 | Spider:3 | Received a gift from Trog
 30863 | Spider:3 | Noticed Aizul
 30886 | Spider:3 | Killed Aizul
 30910 | Spider:3 | Reached skill level 10 in Evocations
 31228 | Spider:4 | Entered Level 4 of the Spider Nest
 31251 | Spider:4 | Noticed Bai Suzhen
 31324 | Spider:4 | Killed Bai Suzhen
 31455 | Spider:4 | Reached skill level 10 in Armour
 31542 | Spider:4 | Received a gift from Trog
 31726 | Spider:4 | Received a gift from Trog
 31726 | Spider:4 | Reached XP level 19. HP: 161/161 MP: 24/26
 31762 | Spider:4 | Reached skill level 20 in Stealth
 31929 | Spider:4 | Got a gossamer rune of Zot
 32685 | Vaults:1 | Entered Level 1 of the Vaults
 33494 | Vaults:1 | Received a gift from Trog
 33590 | Vaults:1 | Reached skill level 21 in Stealth
 34629 | Vaults:2 | Found Lakhuatu's Food Shop.
 34739 | Vaults:2 | Paralysed by a sphinx for 2 turns
 35064 | Vaults:2 | Reached XP level 20. HP: 172/172 MP: 27/27
 35302 | Vaults:2 | Found a staircase to the Crypt.
 35600 | Vaults:3 | Received a gift from Trog
 36153 | Vaults:3 | Received a gift from Trog
 36484 | Vaults:3 | Reached skill level 22 in Stealth
 36973 | Vaults:3 | Got an ancient fustibalus
 36974 | Vaults:3 | Identified the cursed +3 fustibalus "Ryha Bul" {freeze,
                  | *Corrode rF+++ Str+2} (You found it on level 3 of the
                  | Vaults)
 37173 | Vaults:3 | Received a gift from Trog
 37822 | Vaults:4 | Found Fualo's Antique Armour Shoppe.
 37946 | Vaults:4 | Reached XP level 21. HP: 182/182 MP: 28/28
 38696 | Depths:1 | Entered Level 1 of the Depths
 39017 | Depths:1 | Identified the +7 falchion of Floods {drain, +Rage}
 39018 | Depths:1 | Found a runed translucent gate.
 39018 | Depths:1 | Found a runed translucent gate.
 39018 | Depths:1 | Found a runed translucent gate.
 39050 | Depths:1 | Reached skill level 23 in Stealth
 39091 | Depths:1 | Found a gateway to Hell.
 39119 | Depths:1 | Received a gift from Trog
 39137 | Depths:1 | Found a one-way gate to the infinite horrors of the Abyss.
 39423 | Depths:1 | Noticed Pueheemm's ghost (adept TrMo)
 39866 | Depths:1 | Killed Pueheemm's ghost
 39871 | Depths:1 | Gained mutation: Potions are less effective at restoring
                  | your health. [mutagenic glow]
 39921 | Depths:1 | Identified the +10 hunting sling of Context {velocity, MR+}
                  | (You found it on level 1 of the Depths)
 39925 | Depths:1 | Got the ring of the Scavenger {Fire}
 39927 | Depths:1 | Identified the ring of the Scavenger {Fire -Tele rPois
                  | Str+3} (You found it on level 1 of the Depths)
 39937 | Depths:1 | Got a pair of scorched boots
 39943 | Depths:1 | Identified the +1 pair of boots of Comait {rPois} (You
                  | found it on level 1 of the Depths)
 40117 | Depths:2 | Noticed a juggernaut
 40135 | Depths:2 | Killed a juggernaut
 40190 | Depths:2 | Found a gateway to a ziggurat.
 40191 | Depths:2 | Found a one-way gate leading to the halls of Pandemonium.
 40219 | Depths:2 | Received a gift from Trog
 40242 | Depths:2 | Found an opulent altar of Gozag.
 40242 | Depths:2 | Found a burning altar of Makhleb.
 40243 | Depths:2 | Found an opulent altar of Gozag.
 40245 | Depths:2 | Noticed a golden dragon
 40247 | Depths:2 | Killed a golden dragon
 40283 | Depths:2 | Paralysed by a great orb of eyes for 7 turns
 40692 | Depths:2 | Reached XP level 22. HP: 192/192 MP: 29/29
 41018 | Depths:2 | Received a gift from Trog
 41102 | Depths:2 | Identified the ring "Ikhlasik" {rElec rF+ Int+3 SInv
                  | Stlth+}
 41113 | Depths:2 | Paralysed by a floating eye for 2 turns
 41123 | Depths:2 | Reached skill level 24 in Stealth
 41812 | Depths:3 | Received a gift from Trog
 41985 | Depths:3 | Found a shimmering altar of Xom.
 42057 | Depths:2 | Gained mutation: You are frail. (-10% HP) [mutagenic glow]
 42128 | Depths:3 | Received a gift from Trog
 42568 | Depths:3 | Found a bloodstained altar of Trog.
 42993 | Depths:4 | Noticed Boris
 43022 | Depths:4 | Killed Boris
 43087 | Depths:3 | Reached XP level 23. HP: 52/180 MP: 30/30
 43636 | Depths:4 | Reached skill level 25 in Stealth
 43826 | Depths:4 | Received a gift from Trog
 44226 | Depths:5 | Entered Level 5 of the Depths
 44375 | Depths:5 | Noticed a caustic shrike
 44379 | Depths:5 | Noticed a caustic shrike
 44386 | Depths:5 | Noticed a caustic shrike
 44389 | Depths:5 | Killed a caustic shrike
 44401 | Depths:5 | Killed a caustic shrike
 44408 | Depths:5 | Killed a caustic shrike
 44587 | Depths:5 | Found a gate to the Realm of Zot.
 44669 | Depths:5 | Found a runed translucent door.
 44670 | Depths:5 | Noticed Pikuto's ghost (adept MiBe)
 44695 | Depths:5 | Received a gift from Trog
 44747 | Depths:5 | Killed Pikuto's ghost
 44757 | Depths:5 | Found a runed translucent door.
 44757 | Depths:5 | Noticed Gucom's ghost (veteran GnFi)
 44795 | Depths:5 | Gained mutation: You are clumsy. (Dex -2) [mutagenic glow]
 44798 | Depths:5 | Killed Gucom's ghost
 44918 | Depths:5 | Gained mutation: You are sometimes teleported next to
                  | monsters. [mutagenic glow]
 44921 | Depths:5 | Killed from afar by a fire giant

Levels and vault maps discovered:
D:1:      lightli_arrival_boilingwater, layout_basic
D:2:      layout_basic, uniq_robin
D:3:      layout_loops_ring, chequers_temple_overflow_statue_of_worship,
          biasface_ghost_orc_armoury, minmay_misc_feat_diagonals, uniq_jessica
D:4:      layout_basic, enter_ossuary_5, hangedman_decor_riveting,
          hangedman_abyss_or_decor_stabs
D:5:      layout_layer_cave, minmay_temple_entry_sparse_star, first_ration,
          uniq_prince_ribbit1
D:6:      layout_basic
D:7:      layout_basic
D:8:      layout_basic, gammafunk_temple_overflow_pools,
          due_lair_maze_entry_diamond
D:9:      layout_loops_ring, david_orc_5
D:10:     layout_gridville, basic_altar, grunt_livestock, uniq_nergalle
D:11:     layout_loops_corners, special_room [special_room_orc], uniq_harold,
          uniq_gastronok
D:12:     layout_irregular_city, serial_rivers, chequers_serial_rivers_small_a,
          chequers_serial_rivers_large_a, chequers_serial_rivers_small_b,
          chequers_serial_rivers_room_b, chequers_serial_rivers_large_b
D:13:     layout_loops_ring, grunt_vaults_entry_tiered,
          chequers_serial_rivers_room_a, nicolae_straight_to_the_point
D:14:     layout_loops_ring
D:15:     hangedman_depths_entry_civil_slaughter, layout_rooms, serial_shops,
          nicolae_shop_behind_doors, nicolae_shop_crystal, shop,
          hex_intersection, serial_ice, serial_ice_j, serial_ice_e,
          serial_ice_c, serial_ice_n, portal_ice_cave_entry_pillars_1
Temple:   compressed_dpeg_circular_temple
Lair:1:   layout_loops_ring, grunt_megastairs_2
Lair:2:   layout_long_grid, grunt_megastairs_1
Lair:3:   lemuel_reptile_caves, layout_chaotic_city, kennysheep_abandoned_house,
          serial_bayou_shore_a
Lair:4:   layout_misc_corridors, minmay_swamp_entry_worms,
          spider_nest_entry_webs, gauntlet_entry_generic,
          kennysheep_basilisk_garden, serial_bayou_shore_b
Lair:5:   layout_gridlike, infiniplex_staircase_pool
Lair:6:   minmay_lair_end_frog_pond, layout_layer_cave,
          nicolae_slime_entry_slimehenge, basic_altar
Swamp:1:  layout_falls_marsh, evilmike_swamp_ruin_house_2, swamp_pool2,
          grunt_ruined_hall
Swamp:2:  layout_basic_swamp, lemuel_altar_in_water, swamp_pool1
Swamp:3:  layout_basic_swamp, evilmike_swamp_ruin_rubble_1, swamp_pool1
Swamp:4:  swamp_icy, layout_basic_swamp, swamp_pool2, uniq_louise
Spider:1: layout_spider_delve, uniq_rupert
Spider:2: layout_spider_delve, uniq_donald
Spider:3: layout_spider_delve, drop_trap, uniq_aizul, uniq_mara
Spider:4: spider_rune_water, nicolae_spider_nook, uniq_bai_suzhen
Orc:1:    layout_caves
Orc:2:    st_orc_town, layout_caves, basic_altar
Vaults:1: vaults_room_boxed, v_rooms_2, ontoclasm_vaults_decontamination,
          v_misc_14, st_spiral_rooms, hangedman_vaults_snaps,
          hangedman_vaults_restitches, vaults_room_grid, vaults_mumra_hex,
          hangedman_vaults_cutoff, v_misc_13, vaults_dpeg_spiral,
          nicolae_vaults_angled_halls, ontoclasm_vaults_gateway,
          vaults_dpeg_hooks, ontoclasm_vaults_loading_screen,
          layout_vaults_omnicross
Vaults:2: minmay_crypt_entry_simple_sparse, v_misc_28, nicolae_vaults_gold_heap,
          v_misc_3, nicolae_vaults_network_quincunx
          [nicolae_vaults_network_quincunx_subvault,
          nicolae_vaults_network_quincunx_subvault,
          nicolae_vaults_network_quincunx_subvault,
          nicolae_vaults_network_quincunx_subvault,
          nicolae_vaults_network_quincunx_subvault], v_misc_19,
          hangedman_vaults_impose, layout_vaults_omnigrid, serial_shops,
          nicolae_shop_temple_entry_statues_fountains
Vaults:3: nicolae_vaults_fighting_squares, nicolae_vaults_big_ls,
          grunt_vaults_bifocal, v_misc_16, v_pattern_5,
          nicolae_vaults_ninety_degrees, nicolae_vaults_network_star, v_misc_4,
          v_misc_16, dpeg_vaults_monster_row, nicolae_vaults_specimen_jars,
          ontoclasm_vaults_fault, layout_vaults_ring
Vaults:4: v_misc_14, hangedman_vaults_variations,
          nicolae_vaults_stairing_the_circle, v_misc_22,
          grunt_vaults_hallway_long, ontoclasm_vaults_spin, vaults_room_hallway,
          nicolae_vaults_yaktaur_gun_rack, hangedman_vaults_unwind,
          hangedman_vaults_nodes, vaults_room_guarded_vault,
          vaults_dpeg_encased_lava, layout_vaults_maze_bifur, serial_shops,
          nicolae_shop_overgrown_old_shop
Depths:1: layout_cave_pools, minmay_room_of_horrors, gammafunk_ghost_icy,
          minmay_misc_feat_pillars, hell_entry, fountainhead,
          nicolae_water_bricks, water_boxes_lemuel
Depths:2: hangedman_slaughterboxes, pan_entry, hell_entry
Depths:3: minmay_the_grid_octo_tiled_squarecenter_mashed
          [minmay_the_grid_octo_77, minmay_the_grid_octo_vomiting_pacman,
          minmay_the_grid_octo_fat_diamond, minmay_the_grid_octo_pinwheel,
          minmay_the_grid_square_5x5_megaprize_open,
          minmay_the_grid_square_5x5_inverted_slash,
          minmay_the_grid_square_5x5_tetrominoes,
          minmay_the_grid_square_5x5_shrine1,
          minmay_the_grid_square_5x5_dogpile], layout_twisted_cross, hell_entry,
          pan_entry, hangedman_decor_opposing, evilmike_spriggan_trog_shrine
Depths:4: minmay_slanted_spiral_squares, layout_cave_pools,
          infiniplex_staircase_pool_2, hell_entry,
          abyss_entry_small_statue_room, firewood_loft, uniq_boris
Depths:5: grunt_zot_entry_alcove, layout_small_grid,
          muffindrake_ghost_three_little_ghosts, hell_entry

Skill      XL: |  1  2  3  4  5  6  7  8  9 10 11 12 13 14 15 16 17 18 19 20 21 22 23 |
---------------+----------------------------------------------------------------------+-----
Stealth        | 6 7 9 10 11 13 14 16 17 18 19 21 22 23 24 25 | 25.6
Fighting       | 2 3 5 7 10 11 13 14 15 16 17 18 19 20 21 22 | 22.3
Short Blades   | 3 4 5 7 8 10 11 14 | 14.0
Dodging        | 2 3 4 5 6 9 10 11 12 13 14 15 16 17 19 20 21 22 | 22.9
Armour         | 2 5 6 7 10 | 10.0
Evocations     | 4 6 7 8 9 10 | 10.0
Shields        | 2 4 |  4.0
Throwing       | |  1.5

Action                   |  1- 3 |  4- 6 |  7- 9 | 10-12 | 13-15 | 16-18 | 19-21 | 22-24 || total
-------------------------+-------+-------+-------+-------+-------+-------+-------+-------++-------
Melee: Dagger            |    64 |   362 |   960 |   221 |   157 |       |       |       ||  1764
       Bite              |     1 |    38 |   125 |    97 |   234 |   261 |   342 |   236 ||  1334
       Rapier            |       |       |       |   593 |  1505 |  1613 |  1907 |  1216 ||  6834
 Fire: Hunting sling     |       |       |       |       |       |    73 |     6 |       ||    79
       Fustibalus        |       |       |       |       |       |       |    53 |       ||    53
Throw: Dart              |    19 |    30 |    67 |    28 |     2 |     6 |     4 |     8 ||   164
       Stone             |       |     3 |       |       |       |       |       |       ||     3
Invok: Berserk           |       |       |     8 |    30 |    36 |    25 |    34 |    22 ||   155
       Trog's Hand       |       |       |       |     4 |    17 |    14 |    25 |    23 ||    83
       Brothers in Arms  |       |       |       |       |       |     5 |     3 |     4 ||    12
 Abil: Evoke Invisibilit |       |       |       |       |     1 |     3 |    14 |    17 ||    35
       Exsanguinate      |       |       |       |       |     1 |     1 |     1 |       ||     3
       Revivify          |       |       |       |       |       |     2 |     1 |       ||     3
       Evoke Fog         |       |       |       |       |       |       |       |     8 ||     8
Evoke: Wand              |       |       |       |       |       |     1 |       |       ||     1
       Sack of spiders   |       |       |       |       |       |       |       |     1 ||     1
  Use: Scroll            |       |     9 |       |    23 |    10 |     5 |     8 |     1 ||    56
       Potion            |       |       |     1 |     2 |       |     4 |       |     2 ||     9
 Stab: Sleeping          |     9 |     7 |     8 |    26 |    63 |    28 |    87 |    26 ||   254
       Distracted        |       |     1 |       |       |     6 |     8 |    14 |     7 ||    36
       Invisible         |       |       |       |       |     1 |     9 |    59 |    56 ||   125
       Confused          |       |       |       |       |       |     1 |       |       ||     1
Armor: Robe              |    12 |    62 |    92 |    50 |       |       |       |       ||   216
       Troll leather arm |       |       |       |       |   105 |   168 |   100 |   114 ||   487
Dodge: Dodged            |    53 |   202 |   462 |   456 |  1250 |  1717 |  1288 |   910 ||  6338
Block: Other             |       |       |    74 |    91 |   226 |       |       |       ||   391
       Reflection        |       |       |     2 |     2 |    31 |    11 |    27 |    61 ||   134
       Buckler           |       |       |       |       |   137 |   915 |   798 |   593 ||  2443
